 Dungeon Crawl Stone Soup version 0.27-a0-1245-g940ed4fa31 (webtiles) character file.

Game seed: 11453886581482980425

60 osuadh the Skirmisher (level 3, -2/32 HPs)
             Began as a Palentonga Fighter on June 9, 2021.
             Was a Follower of Okawaru.
             Succumbed to an adder's poison
             ... on level 2 of the Dungeon.
             The game lasted 00:03:26 (1536 turns).

osuadh the Skirmisher (Palentonga Fighter)          Turns: 1536, Time: 00:03:27

Health: -2/32      AC:  6    Str: 19    XL:     3   Next: 80%
Magic:  3/3        EV:  5    Int:  9    God:    Okawaru [*.....]
Gold:   17         SH:  8    Dex:  9    Spells: 2/2 levels left

rFire    + . .     SeeInvis +   a - +0 long sword
rCold    + . .     Faith    .   c - +0 kite shield
rNeg     . . .     Spirit   .   b - +0 scale mail
rPois    +         Reflect  .   (no helmet)
rElec    +         Harm     .   (no cloak)
rCorr    +         Rampage  .   (no gloves)
Will     .....                  (no barding)
Stlth    ..........             (no amulet)
HPRegen  0.10/turn              (no ring)
MPRegen  0.08/turn              (no ring)

@: lethally poisoned (-2 -> -18), resistant
A: large, rugged brown scales 3, see invisible, deformed body, roll 1, armoured
tail
a: Rolling Charge, Renounce Religion, Heroism


You were on level 2 of the Dungeon.
You worshipped Okawaru.
Okawaru was aware of your devotion.
You visited 1 branch of the dungeon, and saw 2 of its levels.

You collected 94 gold pieces.
You spent 77 gold pieces at shops.

Inventory:

Hand Weapons
 a - a +0 long sword (weapon)
Missiles
 e - 15 sling bullets
Armour
 b - a +0 scale mail (worn)
 c - a +0 kite shield (worn)
Wands
 k - a wand of paralysis (10)
Scrolls
 f - a scroll of noise {unknown}
 h - a scroll of fog
 i - a scroll of identify
 l - a scroll of teleportation
Potions
 d - a potion of might


   Skills:
 + Level 4.0 Fighting
 + Level 3.2 Long Blades
 - Level 2.4 Armour
 - Level 2.4 Shields


You had 2 spell levels left.
You didn't know any spells.
Your spell library contained the following spells:

 Spells                   Type           Power      Damage    Failure   Level
 Sandblast                Erth           0%         2d4       99%         1
 Passwall                 Tmut/Erth      0%         N/A       100%        2
 Stone Arrow              Conj/Erth      0%         3d7       100%        3
 Petrify                  Tmut/Erth      0%         N/A       100%        4
 Lee's Rapid Deconstruct  Erth           0%         3d5*      100%        5


Dungeon Overview and Level Annotations

Branches:
Dungeon (2/15)

Altars:
Okawaru

Shops:
D:2 ?(*


Innate Abilities, Weirdness & Mutations

You are completely covered in rugged brown scales. (AC +3, +7% HP)
You have supernaturally acute eyesight. (SInv)
Armour fits poorly on your strangely shaped body.
You can roll at nearby foes to attack.
You have a long armoured tail.


Message History

An ogre comes into view. It is wielding a +0 giant club.
You slash the adder!
The adder is almost dead.
You feel sick. The adder bites you.
You are more poisoned.
The adder poisons you! The adder bites you.
You are more poisoned.
The adder poisons you!
You completely miss the adder.
The adder is almost dead.
You feel very sick. The adder bites you but does no damage.
An adder comes into view.
The adder bites you.
You closely miss the adder.
The adder is severely wounded.
You feel very sick.
The adder hisses angrily.
The adder barely misses you.
You riposte.
You hit the adder.
You kill the adder!
Okawaru accepts your kill. The adder completely misses you.
Your Fighting skill increases to level 4!
You feel sick. The adder bites you.
* * * LOW HITPOINT WARNING * * *
You are lethally poisoned!
The adder poisons you!
* * * LOW HITPOINT WARNING * * *
You feel very sick. The adder bites you but does no damage.
It was a potion of cancellation.
You feel magically purged.
* * * LOW HITPOINT WARNING * * *
You feel very sick. The adder bites you.
* * * LOW HITPOINT WARNING * * *
You are more poisoned.
The adder poisons you!
It was a potion of resistance.
You feel protected.
You die...

.# # ## .#
# .. .# #
#. .# # #.
.# #
#.####.##†#
#
#......O..#
#
######S###
# #@# # #.#
# #.# # #.#
# #.# #
#.### #
#...# ####
###.# ...#
#.#


You could see an ogre and an adder.

Vanquished Creatures
  2 adders (D:2)
  4 dart slugs
  3 ball pythons
  3 endoplasms
  2 giant cockroaches (D:1)
  A goblin (D:2)
  4 hobgoblins
  6 jackals (D:2)
  A quokka (D:2)
  A frilled lizard (D:2)
  A kobold (D:1)
  3 rats
31 creatures vanquished.

Notes
Turn   | Place    | Note
-------+----------+-------------------------------------------
     0 | D:1      | osuadh the Palentonga Fighter began the quest for the Orb.
     0 | D:1      | Reached XP level 1. HP: 19/19 MP: 1/1
   199 | D:1      | Reached XP level 2. HP: 24/25 MP: 2/2
   318 | D:1      | You fall into a shaft and drop 1 floor!
   439 | D:2      | Reached XP level 3. HP: 31/31 MP: 3/3
   546 | D:2      | Found Qoutuec's Magic Scroll Shop.
   697 | D:2      | Bought a scroll of fog for 22 gold pieces
   697 | D:2      | Bought a scroll of identify for 22 gold pieces
   877 | D:1      | Found a faded altar of an unknown god.
  1064 | D:1      | Became a worshipper of Warmaster Okawaru
  1064 | D:1      | Reached * piety under Okawaru
  1321 | D:2      | Found Riolig's General Store.
  1328 | D:2      | Bought a scroll of teleportation for 33 gold pieces
  1328 | D:2      | Found Renleciagh's Antique Weapon Emporium.
  1529 | D:2      | Noticed an ogre
  1533 | D:2      | Reached skill level 4 in Fighting
  1535 | D:2      | HP: 1/32 [adder (1)]
  1536 | D:2      | Succumbed to an adder's poison

Illustrated notes

Levels and vault maps discovered:
D:1:      matt_arrival_los_fun, layout_rooms, hellmonk_ecumenical_altar_lost_god
D:2:      layout_loops_ring, serial_shops, shop, nicolae_shop_window_shopping,
          shop

Skill      XL: |  1  2  3 |
---------------+----------+-----
Long Blades    | 3 |  3.2
Fighting       | 4 |  4.0
Armour         | |  2.4
Shields        | |  2.4

Action                   || total
-------------------------++-------
Melee: Long sword        ||    90
       Tailslap          ||     6
 Abil: Rolling Charge    ||     6
  Use: Potion            ||     2
Armor: Scale mail        ||    42
Dodge: Dodged            ||    27
Block: Kite shield       ||    40
       Rpst.: Long sword ||    11

Table legend: (Time is in decaauts)
 A = Elapsed time spent in this place.
 B = Non-inter-level travel time spent in this place.
 C = Inter-level travel time spent in this place.
 D = Time resting spent in this place.
 E = Time spent auto-exploring this place.
 F = Levels seen in this place.
 G = Mean time per level.
                   A        B        C        D        E       F      G
               +--------+--------+--------+--------+--------+-----+--------+
         Total |   1580 |   1481 |     99 |    379 |    829 |   2 |  790.0 |
       Dungeon |   1580 |   1481 |     99 |    379 |    829 |   2 |  790.0 |
               +--------+--------+--------+--------+--------+-----+--------+

Top non-repeatable levels by time:
     D:2: 914 daAuts
     D:1: 665 daAuts
